Map: [ESL] Goldenaura

Players

Stats - Winner!

  • Race: Protoss Protoss
  • Spawn Location: 12:00

Creator

  • Race: Protoss Protoss
  • Spawn Location: 5:00

Event: ESL Spring 2024 Finals

VOD

Have the link to the VOD?

Description

Time

  • Played on: June 1, 2024, 10:30 a.m.
  • Length: 11:06

All games in this series

Show
View Real Time Build Order
Export as new Build Order

Stats Protoss - Winner!

Build Orders: Oracle Opening, Phoenix Opening, Zealot Archon 

Get SALT Encoding   

  12  0:00  Probe  
  13  0:12  Probe  
  14  0:17  Pylon  
  14  0:24  Probe (Chrono Boost)  
  15  0:36  Gateway, Probe (Chrono Boost)  
  16  0:44  Probe (Chrono Boost)  
  16  0:46  Assimilator  
  17  0:51  Probe  
  17  0:54  Assimilator  
  18  1:03  Probe (Chrono Boost)  
  19  1:10  Gateway  
  19  1:14  Probe (Chrono Boost)  
  20  1:18  Probe (Chrono Boost)  
  20  1:25  Cybernetics Core  
  21  1:29  Probe  
  22  1:39  Pylon  
  22  1:41  Probe  
  23  1:57  Probe  
  24  2:02  Stalker, Warp Gate  
  26  2:09  Sentry  
  26  2:15  Pylon  
  28  2:30  Oracle  
  28  2:32  Sentry  
  30  2:38  Nexus  
  30  2:39  Sentry  
  31  2:44  Probe  
  32  2:51  Shield Battery  
  32  2:56  Probe  
  33  3:00  Stalker  
  35  3:08  Probe  
  36  3:14  Pylon  
  36  3:20  Probe  
  36  3:22  Twilight Council  
  37  3:32  Probe (Chrono Boost)  
  37  3:33  Phoenix  
  38  3:43  Probe (Chrono Boost)  
  39  3:50  Probe (Chrono Boost)  
  39  3:53  Probe (Chrono Boost)  
  41  4:00  Blink, Probe (Chrono Boost)  
  41  4:02  Probe (Chrono Boost)  
  45  4:10  Probe x2 (Chrono Boost)  
  45  4:15  Probe (Chrono Boost)  
  45  4:17  Stalker x2, Phoenix, Probe  
  51  4:26  Probe  
  51  4:29  Probe  
  53  4:34  Nexus  
  53  4:37  Pylon  
  53  4:38  Probe  
  53  4:41  Probe  
  55  4:47  Robotics Facility  
  55  4:52  Probe  
  56  4:53  Probe  
  56  4:54  Assimilator  
  56  4:57  Shield Battery  
  57  5:01  Stalker x2  
  57  5:05  Probe x2  
  63  5:11  Phoenix  
  63  5:17  Pylon, Probe x2 (Chrono Boost)  
  67  5:28  Probe x2 (Chrono Boost)  
  67  5:31  Forge  
  67  5:33  Gateway, Observer, Probe x2 (Chrono Boost)  
  67  5:34  Gateway  
  70  5:46  Probe (Chrono Boost)  
  70  5:48  Probe (Chrono Boost)  
  70  5:49  Probe (Chrono Boost)  
  73  5:52  Immortal  
  73  5:55  Probe (Chrono Boost)  
  80  5:58  Probe x2 (Chrono Boost)  
  80  5:59  Pylon  
  80  6:03  Stalker  
  80  6:04  Stalker  
  84  6:09  Probe x3  
  85  6:22  Probe x2  
  85  6:24  Protoss Ground Weapons Level 1 (Chrono Boost)  
  83  6:29  Probe  
  83  6:32  Charge  
  84  6:34  Gateway, Probe x2  
  84  6:36  Gateway x2  
  84  6:39  Gateway  
  86  6:41  Probe  
  86  6:42  Immortal  
  91  6:50  Nexus  
  91  6:51  Pylon  
  91  6:56  Probe x3  
  91  7:00  Templar Archives  
  94  7:05  Zealot x3  
  100  7:09  Pylon x2  
  100  7:13  Pylon, Probe x3  
  103  7:21  Observer  
  104  7:26  Shield Battery  
  104  7:27  Probe  
  104  7:28  Probe x2  
  107  7:35  Zealot x5  
  107  7:36  Zealot  
  119  7:37  High Templar x2  
  119  7:42  Archon  
  120  7:48  Gateway  
  120  7:49  Gateway  
  116  7:54  Probe x2  
  116  7:55  Probe  
  116  7:56  Warp Prism (Chrono Boost)  
  119  7:59  Zealot x4, Protoss Ground Weapons Level 2 (Chrono Boost), High Templar x2  
  119  8:03  Archon  
  133  8:06  Probe x2  
  133  8:12  Zealot x2  
  139  8:13  Photon Cannon  
  139  8:18  Observer  
  139  8:23  Zealot x4  
  139  8:24  Pylon  
  147  8:28  Pylon  
  147  8:29  Pylon x2  
  145  8:44  Zealot  
  145  8:45  Zealot x4  
  145  8:46  Zealot  
  145  8:47  Zealot x2  
  145  8:48  High Templar x2  
  163  8:51  Photon Cannon  
  163  8:53  Shield Battery, Archon  
  165  8:59  Nexus, Pylon  
  165  9:14  Zealot  
  165  9:15  Zealot x6  
  179  9:19  Pylon  
  179  9:20  Pylon  
  179  9:21  Pylon  
  177  9:24  Shield Battery  
  177  9:26  Photon Cannon  
  177  9:38  Probe  
  177  9:39  Probe x3  
  177  9:41  High Templar x2  
  177  9:44  Stalker  
  177  9:45  Stalker x2, Zealot x3  
  193  9:46  Archon  
  193  9:49  Assimilator  
  193  9:50  Assimilator  
  189  10:09  Zealot x4  
  189  10:13  Zealot x2  
  189  10:14  Zealot x4  
  193  10:17  Photon Cannon  
  191  10:27  Gateway  
  187  10:28  Gateway  
  187  10:32  Zealot x4  
  171  10:36  Zealot x6  
Show
View Real Time Build Order
Export as new Build Order

Creator Protoss 

Build Orders: Phoenix Opening 

Get SALT Encoding   

  12  0:00  Probe  
  13  0:12  Probe  
  14  0:17  Pylon  
  14  0:24  Probe (Chrono Boost)  
  15  0:36  Probe (Chrono Boost)  
  15  0:38  Gateway  
  16  0:44  Probe (Chrono Boost)  
  16  0:46  Assimilator  
  17  0:51  Probe  
  18  0:58  Assimilator  
  18  1:03  Probe (Chrono Boost)  
  19  1:08  Gateway  
  19  1:13  Probe (Chrono Boost)  
  19  1:18  Probe (Chrono Boost)  
  20  1:25  Cybernetics Core  
  21  1:29  Probe  
  22  1:38  Pylon  
  22  1:41  Probe  
  23  1:56  Probe  
  24  2:02  Stalker x2  
  24  2:04  Warp Gate  
  28  2:14  Pylon  
  28  2:26  Shield Battery  
  28  2:33  Sentry x2  
  32  2:48  Probe  
  33  2:51  Nexus  
  33  2:55  Shield Battery  
  33  3:00  Probe  
  33  3:01  Sentry  
  36  3:09  Stalker  
  36  3:10  Phoenix  
  38  3:17  Pylon  
  38  3:19  Probe  
  39  3:34  Twilight Council  
  39  3:35  Probe (Chrono Boost)  
  40  3:45  Probe (Chrono Boost)  
  41  3:50  Probe (Chrono Boost)  
  42  4:01  Blink (Chrono Boost)  
  43  4:04  Probe (Chrono Boost)  
  43  4:05  Probe (Chrono Boost)  
  44  4:13  Probe (Chrono Boost)  
  44  4:14  Stalker x2  
  44  4:16  Probe (Chrono Boost)  
  50  4:20  Probe  
  51  4:25  Probe  
  52  4:36  Probe  
  52  4:37  Stalker x2  
  52  4:38  Pylon  
  57  4:41  Probe  
  58  4:50  Nexus  
  58  4:53  Probe  
  58  4:55  Probe  
  60  5:02  Assimilator  
  60  5:06  Probe  
  61  5:07  Probe  
  61  5:10  Stalker  
  61  5:11  Stalker  
  66  5:16  Robotics Facility  
  66  5:18  Probe  
  66  5:19  Probe  
  68  5:22  Pylon  
  68  5:29  Forge  
  68  5:30  Probe  
  68  5:32  Probe  
  70  5:41  Adept x2  
  74  5:45  Pylon  
  74  5:48  Probe x2  
  76  5:51  Gateway  
  76  5:53  Gateway  
  76  6:03  Stalker x2, Observer  
  81  6:07  Probe x2  
  83  6:12  Protoss Ground Weapons Level 1 (Chrono Boost)  
  83  6:17  Probe (Chrono Boost)  
  78  6:22  Probe x2 (Chrono Boost)  
  78  6:29  Probe (Chrono Boost)  
  78  6:30  Stalker x2, Observer  
  84  6:33  Shield Battery  
  84  6:36  Charge (Chrono Boost), Probe x2 (Chrono Boost)  
  84  6:37  Probe (Chrono Boost)  
  85  6:40  Pylon  
  85  6:43  Probe  
  85  6:44  Probe x2  
  88  6:55  Warp Prism (Chrono Boost)  
  88  6:56  Probe  
  88  6:57  Gateway  
  88  6:59  Gateway  
  88  7:00  Gateway  
  88  7:01  Gateway, Stalker  
  93  7:05  Stalker  
  93  7:06  Zealot  
  93  7:07  Zealot  
  99  7:24  Nexus, Immortal  
  99  7:28  Zealot x2  
  107  7:30  Zealot  
  107  7:32  Pylon  
  107  7:33  Pylon  
  109  7:49  Pylon  
  109  7:51  Pylon  
  107  7:53  Pylon  
  107  7:54  Zealot x4  
  107  7:55  Zealot  
  107  7:56  Zealot x3  
  123  8:02  Templar Archives  
  123  8:06  Observer  
  123  8:07  Protoss Ground Weapons Level 2 (Chrono Boost)  
  123  8:13  Photon Cannon  
  123  8:15  Probe x2  
  125  8:22  Zealot x2  
  125  8:23  Zealot x2  
  131  8:33  Zealot x2  
  135  8:34  Shield Battery  
  135  8:39  High Templar  
  135  8:40  High Templar  
  139  8:44  Gateway, Archon  
  139  8:45  Gateway  
  139  8:46  Stalker x2  
  143  8:55  Zealot x4  
  151  8:58  Photon Cannon  
  151  9:00  Pylon  
  145  9:11  Stalker x2  
  145  9:15  Zealot x3  
  151  9:21  Pylon x2  
  151  9:24  Pylon  
  151  9:25  Stalker x2  
  151  9:26  Stalker  
  151  9:30  Shield Battery  
  157  9:34  Stalker x2  
  161  9:41  Zealot x4  
  161  9:45  Observer (Chrono Boost)  
  169  9:49  Pylon  
  169  9:50  Stalker x2  
  169  9:51  Pylon  
  173  9:53  Zealot x2  
  165  10:08  Shield Battery  
  165  10:10  Zealot x5  
  156  10:15  Zealot  
  156  10:18  Zealot x3  
  156  10:20  Stalker  
  164  10:31  Zealot  
  144  10:36  Zealot  
  144  10:37  Zealot x3  
  144  10:38  Zealot x4  
  125  10:45  Stalker  
  91  10:54  Zealot  
Tags
 
Add a new tag
Caveats
  • Supply blocks, unpowered buildings, or Contaminate may cause inaccurate times.
  • Supply counts are checked every 10 seconds.